 Dungeon Crawl Stone Soup version 0.18-a0-1562-gac8da35 (webtiles) character file.

15582 Ratboiler the Cleaver (level 12, -3/66 HPs)
             Began as a Vine Stalker Wanderer on Mar 13, 2016.
             Was an Initiate of Gozag.
             Slain by a sheep (5 damage)
             ... led by a torpor snail
             ... on level 5 of the Lair of Beasts.
             The game lasted 00:40:44 (13924 turns).

Ratboiler the Cleaver (Vine Stalker Wanderer)      Turns: 13924, Time: 00:40:44

Health: -3/66      AC: 14    Str: 14 (16) XL:     12   Next: 28%
Magic:  0/20       EV:  8    Int:  9 (10) God:    Gozag
Gold:   885        SH:  0    Dex: 16 (19) Spells: 0 memorised, 11 levels left

rFire  . . .     SeeInvis .     a - +3 broad axe (chop)
rCold  + . .     Gourm    .     j - +0 scale mail
rNeg   . . .     Faith    .     (no shield)
rPois  .         Spirit   +     d - +1 helmet
rElec  .         Dismiss  .     N - +0 cloak
rCorr  +         Reflect  .     y - +0 pair of gloves
SustAt .         Harm     .     (no boots)
MR     ++...                    (no amulet)
Stlth  ..........               U - ring of resist corrosion
                                k - ring of magical power

@: slowed, heavily drained, very slow, very resistant to hostile enchantments,
extremely unstealthy
A: fangs 3, rough black scales 1, blurry vision 1, cold resistance 1, low mp 1,
magic resistance 1, regeneration 3, robust 1, magic shield, antimagic bite, no
device heal 3, rot immunity
a: Potion Petition, Call Merchant, Bribe Branch, Renounce Religion


You were on level 5 of the Lair of Beasts.
You worshipped Gozag.
Gozag was noncommittal.
You were not hungry.

You visited 2 branches of the dungeon, and saw 17 of its levels.
You also visited: Labyrinth.

You collected 2995 gold pieces.
You spent 537 gold pieces at shops.
You paid 1573 gold pieces to Gozag.

Inventory:

Hand Weapons
 a - a +3 broad axe of chopping (weapon)
 b - a +0 blowgun
 H - a +0 hand crossbow
 L - the +6 trident of Huocyrut {venom, Str+5 Dex-3 SInv}
   (You found it on level 6 of the Dungeon)

   It poisons the flesh of those it strikes.
   It affects your strength (+5).
   It affects your dexterity (-3).
   It lets you see invisible.
Missiles
 c - 70 bolts
 g - 6 needles of sleeping
 h - 56 poisoned needles
 r - 317 stones (quivered)
 Y - 3 curare-tipped needles
Armour
 d - a +1 helmet (worn)
 j - a +0 scale mail (worn)
 y - a +0 pair of gloves (worn)
 F - the +0 leather armour of Jyisad {MR+}
   (You bought it in a shop on level 2 of the Lair of Beasts)

   It affects your resistance to hostile enchantments.
 N - a +0 cloak (worn)
Jewellery
 i - a +4 ring of intelligence
 k - a ring of magical power (left hand)
 D - an uncursed ring of protection from cold
 R - an uncursed ring of fire
 U - a ring of resist corrosion (right hand)
Wands
 n - a wand of digging (4/24)
 t - a wand of acid (10/15)
 z - a wand of random effects (32/48)
 A - a wand of polymorph (9/24)
 P - a wand of digging (9/24)
 S - a wand of polymorph (7/24)
 V - a wand of flame (9/48)
 W - a wand of lightning (7/15)
Scrolls
 o - 6 scrolls of recharging
 p - 3 scrolls of immolation
 s - 2 scrolls of torment {unknown}
 B - 3 scrolls of magic mapping
 C - a scroll of enchant armour
 E - 7 scrolls of remove curse
 I - 2 scrolls of amnesia
 J - a scroll of teleportation
 K - a scroll of blinking
 Z - a scroll of fog
Potions
 l - 4 potions of curing
 m - 2 potions of brilliance
 q - a potion of flight
 u - 5 potions of lignification
 v - a potion of magic
 Q - a potion of agility
 T - a potion of might
Books
 w - the Guide on Fascination
   (You found it in a labyrinth)

   Spells                             Type                      Level
   a - Corona                         Hexes                        1
   b - Slow                           Hexes                        2
   c - Spectral Weapon                Hexes/Charms                 3
   d - Inner Flame                    Hexes/Fire                   3
   e - Leda's Liquefaction            Hexes/Earth                  4
   f - Metabolic Englaciation         Hexes/Ice                    5
   g - Silence                        Hexes/Air                    5
   h - Summon Mana Viper              Hexes/Summoning              5
 x - a book of Flames

   Spells                             Type                      Level
   a - Flame Tongue                   Conjuration/Fire             1
   b - Throw Flame                    Conjuration/Fire             2
   c - Conjure Flame                  Conjuration/Fire             3
   d - Inner Flame                    Hexes/Fire                   3
   e - Sticky Flame                   Conjuration/Fire             4
   f - Fireball                       Conjuration/Fire             5
 M - a book of Changes

   Spells                             Type                      Level
   a - Beastly Appendage              Transmutation                1
   b - Sticks to Snakes               Transmutation                2
   c - Spider Form                    Transmutation/Poison         3
   d - Ice Form                       Ice/Transmutation            4
   e - Blade Hands                    Transmutation                5
Miscellaneous
 O - a fan of gales (inert)
Comestibles
 e - 17 fruits
 f - 14 bread rations
 G - 6 beef jerkies


   Skills:
 - Level 5.4(3.9) Fighting
 * Level 13.1(12.6) Axes
   Level 11.0(11.6) Maces & Flails
 - Level 1.0(0.0) Throwing
 - Level 1.0(0.0) Armour
 - Level 1.2(0.0) Stealth
   Level 1.0(0.0) Translocations
   Level 2.0(0.6) Ice Magic


You had 11 spell levels left.
You didn't know any spells.

Dungeon Overview and Level Annotations

Branches:
Dungeon (11/15)            Temple (0/1) D:4            Lair (6/8) D:8
  Swamp: Lair:3-6    Shoals: Lair:3-6     Snake: Lair:3-6    Spider: Lair:3-6
  Slime: Lair:6-8       Orc: D:9-12

Altars:
Ashenzari
Cheibriados
Dithmenos
Elyvilon
Fedhas
Gozag
Kikubaaqudgha
Pakellas
Sif Muna
Trog
Xom
Yredelemnul
Zin

Shops:
D:6 ((   D:7 (   D:9 !   Lair:2 [

Annotations:
D:6 exclusion: door
Lair:3 exclusion: electric eel


Innate Abilities, Weirdness & Mutations

You have razor-sharp teeth.
You regenerate.
When hurt, damage is shared between your health and your magic reserves.
Your bite disrupts and absorbs the magic of your enemies.
Potions and wands cannot restore your health.
You are immune to rotting.
You are partially covered in rough black scales (AC +4, Dex -1).
Scrolls take you a little longer to read.
Your flesh is cold resistant.
Your magical capacity is low (-10% MP).
You are resistant to hostile enchantments.
You are robust (+10% HP).


Message History

The torpor snail bites you. The sheep barely misses you. The sheep bites you.
* * * LOW HITPOINT WARNING * * *
Read which item? (? for menu, Esc to quit)
Really read with blurry vision while enemies are nearby? [Y]es or [N]o only, please.
Really read with blurry vision while enemies are nearby? [Y]es or [N]o only, please.
Really read with blurry vision while enemies are nearby? [Y]es or [N]o only, please.
Really read with blurry vision while enemies are nearby? [Y]es or [N]o only, please.
Really read with blurry vision while enemies are nearby?
The sheep bites you!
* * * LOW HITPOINT WARNING * * *
You begin reading the scroll.
You continue reading the scroll.
The sheep bites you but does no damage. The sheep bites you.
* * * LOW HITPOINT WARNING * * *
The sheep bites you.
You die...
Your body crumbles into a pile of gold.

.....................#..#..♣ ♣.
.###P..###.#....#########..♣# #♣.
##.......##[P..#..P#..#.....♣♣♣..
#....#....P........#.............
....#####.......................#
<..P#######...........P.##...P..#
.....##..#............###.P....##
................Yw....##.......##
P..............Y@Y.....#........#
.P..............$...............#
.......................##>P....##
.........#...<...<.P...##......#.
...........∩.......P..#####......
..........#.#PP........#...#.####
.#........####........##....###
.#P....#### ##...........#...##
##....### #####...............#


You could see a torpor snail and 3 sheep.

Vanquished Creatures
  A hydra (Lair:1)
  Pikel (D:3)
  2 manticores (D:11)
  4 black mambas
  Maurice (D:11)
  2 spiny frogs
  5 komodo dragons
  2 trolls
  Grinder (D:5)
  A slime creature (Lair:5)
  3 blink frogs (Lair:3)
  A wyvern (Lair:5)
  12 yaks
  3 hippogriffs
  3 water moccasins
  4 porcupines
  3 orc warriors
  5 ice beasts
  An eye of draining (D:8)
  4 sky beasts
  A phantom (D:8)
  2 ogres
  3 centaurs
  6 crocodiles
  14 giant frogs
  2 scorpions
  9 killer bees
  4 wights (D:7)
  5 howler monkeys
  11 crimson imps
  A centaur zombie (D:10)
  A hound (D:10)
  7 jellies
  7 orc priests
  7 orc wizards
  11 worker ants
  Ijyb (D:2)
  6 iguanas
  13 sheep
  2 hound skeletons
  A worker ant zombie (D:6)
  10 adders
  16 river rats
  18 oozes
  2 adder zombies
  3 worms
  A dart slug (D:1)
  3 giant geckos
  47 orcs
  4 bats
  2 giant cockroaches
  6 goblins
  5 hobgoblins
  9 jackals
  7 kobolds
  3 quokkas
  4 ball pythons
  A giant gecko zombie (D:6)
  4 giant newts
  A jackal zombie (D:5)
  A quokka skeleton (D:5)
  2 rats
  A spectral orc (D:8)
  2 fungi (Lair:5)
325 creatures vanquished.

Vanquished Creatures (others)
  3 slaves (D:5)
  Blork the orc (D:5)
  A giant gecko (D:5)
  6 fungi
  4 plants
15 creatures vanquished.

Grand Total: 340 creatures vanquished

Notes
Turn   | Place    | Note
--------------------------------------------------------------
     0 | D:1      | Ratboiler the Vine Stalker Wanderer began the quest for the Orb.
     0 | D:1      | Ratboiler set off with: a +2 hand axe, a +0 hand crossbow, 19 bolts, a +0 ring mail, a bread ration
     0 | D:1      | Reached XP level 1. HP: 11/11 MP: 2/2
    64 | D:1      | Reached skill level 2 in Axes
    77 | D:1      | Reached XP level 2. HP: 12/15 MP: 3/3
   479 | D:2      | Reached skill level 3 in Axes
   481 | D:2      | Noticed Ijyb
   652 | D:2      | Reached XP level 3. HP: 18/18 MP: 4/4
   743 | D:2      | Found an ancient bone altar of Kikubaaqudgha.
   774 | D:2      | Killed Ijyb
   812 | D:2      | Found an opulent altar of Gozag.
   822 | D:2      | Became a worshipper of Gozag Ym Sagoz the Greedy
   846 | D:2      | Reached XP level 4. HP: 19/23 MP: 5/5
   871 | D:2      | Reached skill level 4 in Axes
  1114 | D:3      | Found an oddly glowing altar of Pakellas.
  1268 | D:3      | Reached XP level 5. HP: 11/26 MP: 6/6
  1848 | D:4      | Noticed an ogre
  2142 | D:3      | Noticed an ogre
  2194 | D:4      | Found a staircase to the Ecumenical Temple.
  2397 | D:4      | Reached skill level 5 in Axes
  2511 | D:4      | Noticed a centaur
  2633 | D:4      | Gained mutation: You heal very quickly. [Vine Stalker growth]
  2633 | D:4      | Reached XP level 6. HP: 27/30 MP: 7/7
  2645 | D:4      | Reached skill level 6 in Axes
  2928 | D:5      | Entered Level 5 of the Dungeon
  2932 | D:5      | Noticed Grinder
  3018 | D:5      | Noticed a slave
  3020 | D:5      | Noticed a slave
  3021 | D:5      | Noticed Pikel
  3022 | D:5      | Noticed Blork the orc
  3263 | D:3      | Killed Pikel
  3263 | D:3      | Reached skill level 5 in Fighting
  3263 | D:3      | Reached XP level 7. HP: 27/39 MP: 8/8
  3278 | D:3      | Reached skill level 1 in Maces & Flails
  3278 | D:3      | Gained mutation: You have razor-sharp teeth. [Vine Stalker growth]
  3278 | D:3      | Reached XP level 8. HP: 36/44 MP: 9/9
  3331 | D:3      | Found a shadowy altar of Dithmenos.
  3550 | D:5      | Killed Blork the orc
  3598 | D:5      | Found a blossoming altar of Fedhas.
  3914 | D:5      | Paralysed by Grinder for 7 turns
  3928 | D:5      | Killed Grinder
  4129 | D:5      | Reached skill level 5 in Maces & Flails
  4162 | D:5      | Found a bloodstained altar of Trog.
  4205 | D:6      | Found a shimmering altar of Xom.
  4310 | D:6      | Found a deep blue altar of Sif Muna.
  4388 | D:6      | Reached XP level 9. HP: 43/47 MP: 10/10
  4490 | D:6      | Got a polished trident
  4491 | D:6      | Identified the +6 trident of Huocyrut {venom, Str+5 Dex-3 SInv} (You found it on level 6 of the Dungeon)
  4514 | D:6      | Found Zifeuta's Weapon Shop.
  4564 | D:6      | Found a shattered altar of Ashenzari.
  5199 | D:6      | Bought a +2 broad axe of chopping for 234 gold pieces
  5371 | D:7      | Found a snail-covered altar of Cheibriados.
  5419 | D:7      | Found Leudgh's Antique Weapon Shop.
  5813 | D:7      | Reached XP level 10. HP: 51/51 MP: 11/11
  5838 | D:8      | Found a basalt altar of Yredelemnul.
  5912 | D:8      | Reached skill level 10 in Maces & Flails
  6721 | D:8      | Found a staircase to the Lair.
  7227 | D:9      | Found a glowing silver altar of Zin.
  7374 | D:9      | Found a white marble altar of Elyvilon.
  7394 | D:9      | Found Nuevat's Distillery.
  7398 | D:9      | Bought a potion of lignification for 45 gold pieces
  7398 | D:9      | Bought a potion of mutation for 37 gold pieces
  7398 | D:9      | Bought a potion of agility for 60 gold pieces
  7862 | D:10     | Entered Level 10 of the Dungeon
  8014 | D:10     | Reached skill level 7 in Axes
  8515 | D:11     | Noticed a manticore
  8521 | D:11     | Killed a manticore
  8611 | D:11     | Reached skill level 8 in Axes
  8648 | D:11     | Noticed Maurice
  8657 | D:11     | Killed Maurice
  8836 | D:11     | Reached XP level 11. HP: 30/56 MP: 12/12
  8854 | D:11     | Noticed a green ugly thing
  8945 | D:11     | Noticed a hill giant
  8983 | D:11     | Noticed a manticore
  9012 | D:10     | Reached skill level 9 in Axes
  9195 | D:11     | Killed a manticore
  9271 | D:11     | Gained mutation: Scrolls take you a little longer to read. [a neqoxec]
  9419 | Lair:1   | Entered Level 1 of the Lair of Beasts
  9419 | Lair:1   | Noticed a four-headed hydra
  9428 | Lair:1   | Killed a four-headed hydra
  9428 | Lair:1   | Reached skill level 10 in Axes
  9429 | Lair:1   | Noticed a six-headed hydra
 10085 | Lair:2   | Reached skill level 11 in Axes
 10140 | Lair:2   | Bought a faintly glowing leather armour for 161 gold pieces
 10154 | Lair:2   | Identified the cursed +0 leather armour of Jyisad {MR+} (You bought it in a shop on level 2 of the Lair of Beasts)
 11237 | Lair:3   | Reached skill level 12 in Axes
 11401 | Lair:3   | Gained mutation: You regenerate. [Vine Stalker growth]
 11401 | Lair:3   | Reached XP level 12. HP: 53/60 MP: 13/13
 11917 | Lair:4   | Gained mutation: Your magical capacity is low (-10% MP). [potion of mutation]
 11917 | Lair:4   | Gained mutation: Your flesh is cold resistant. [potion of mutation]
 11918 | Lair:4   | Gained mutation: You are resistant to hostile enchantments. [potion of mutation]
 11918 | Lair:4   | Gained mutation: You are partially covered in rough black scales (AC +4, Dex -1). [potion of mutation]
 11918 | Lair:4   | Gained mutation: You are robust (+10% HP). [potion of mutation]
 11981 | Lair:4   | Identified a scroll of acquirement
 12096 | Lair:4   | Noticed a death yak
 12157 | Lair:5   | Found a labyrinth entrance.
 12181 | Lab      | Entered a labyrinth
 12350 | Lab      | Noticed Inverse's ghost (journeyman DsAr)
 12862 | Lab      | Noticed a minotaur
 12902 | Lab      | Identified the Guide on Fascination (You found it in a labyrinth)
 13659 | Lair:5   | Reached skill level 13 in Axes
 13923 | Lair:5   | HP: 2/66 [sheep[a torpor snail] (5)]
 13924 | Lair:5   | Slain by a sheep

Vault maps used:
D:1:      tarquinn_simple_flora_water_c
D:2:      nicolae_overflow_crystal_walls, kiku_gazebo_pond_becter,
          serial_bayou_pond_d, uniq_iyjb
D:3:      nicolae_dithmenos_through_a_glass_darkly, grunt_pakellas_salt,
          saegor_snake_ambush
D:4:      minmay_temple_entry_purple_smoke, first_bread
D:5:      nicolae_overflow_hidden_temple, fedhas_altar_3, uniq_grinder,
          uniq_pikel, uniq_blork_the_orc
D:6:      led_sif_book, old_standard_altar, xom_butterflies, serial_shops,
          kennysheep_mini
D:7:      kennysheep_mini_moat, serial_shops, shop, grunt_ogre_cave
D:8:      yredelemnul_forgotten_temple_becter, david_lair_shrubbed
D:9:      zin_statuary, kennysheep_little_box, serial_shops,
          nicolae_shop_waterfront
D:11:     orc_0_dummy, uniq_maurice
Lair:1:   infiniplex_staircase_pool_2, uniq_grum
Lair:2:   grunt_forest_stairs_basic, grunt_forest_large_clearings
Lair:3:   minmay_swamp_entry_eels
Lair:4:   beast_lair_carwin_large_2, hibernation_bobbens
Lair:5:   lemuel_slime, lab_entry_generic, minmay_stone_trees_small,
          lemuel_fruit_tree
Lair:6:   dummy_snake_entry, infiniplex_staircase_pool
Lab:      nicolae_lab_dead_adventurers

Skill      XL: |  1  2  3  4  5  6  7  8  9 10 11 12 |
---------------+-------------------------------------+-----
Axes           | 2 3 4 5 6 8 12 13 | 13.1
Fighting       | 5 |  5.4
Maces & Flails | 1 6 9 11 | 11.0
Throwing       | |  1.0
Armour         | |  1.0
Stealth        | |  1.2
Translocations | |  1.0
Ice Magic      | |  2.0

Action                   |  1- 3 |  4- 6 |  7- 9 | 10-12 || total
-------------------------+-------+-------+-------+-------++-------
Melee: Hand axe          |    74 |    83 |       |       ||   157
       War axe           |       |    39 |    41 |       ||    80
       Whip              |       |       |   117 |       ||   117
       Trident           |       |       |   134 |   507 ||   641
       Broad axe         |       |       |       |    96 ||    96
 Fire: Blowgun           |       |       |       |     2 ||     2
Throw: Stone             |       |     1 |     1 |     3 ||     5
Invok: Call Merchant     |       |       |     1 |     1 ||     2
Evoke: Wand              |       |     4 |       |    13 ||    17
       Fan of gales      |       |       |       |     1 ||     1
  Use: Scroll            |       |     3 |     7 |    15 ||    25
       Potion            |       |       |     2 |     9 ||    11
 Stab: Sleeping          |       |     3 |       |       ||     3
       Distracted        |       |       |     3 |     1 ||     4
  Eat: Beef jerky        |       |     1 |     1 |       ||     2
       Meat ration       |       |     1 |     1 |     3 ||     5
       Bread ration      |       |     1 |       |       ||     1
       Fruit             |       |       |       |     8 ||     8
       Royal jelly       |       |       |       |     1 ||     1
       Pizza             |       |       |       |     1 ||     1
